AoeStats
← #Tsch

African Clearing

510395818Analyzed
4v4 RM · 1d ago on Sep 30, 2026· 85m 38s· 8 players
Game mode
Random Map
Map size
Large (8 player)
Population
200
Speed
Normal
Resources
Standard
Victory
Conquest
Starting age
Dark Age
Ending age
Imperial Age
RankedLock teamsTeams togetherTeam positionsShared explorationLock speedFull tech treeHidden civsTurbo modeCheats
Victory
Defeat
🇹🇷 Dravidians · Türkiye
1169
+13
🇬🇧 Saxons · United Kingdom
1084
+17
🇬🇧 Danes · United Kingdom
1052
+18
🇩🇪 Mongols · Germany
1043
+19
🇨🇿 Varangians · Czechia
1157
-19
🇧🇾 Armenians · Belarus
1115
-17
🇫🇷 Huns · France
1086
-16
🇹🇷 Cumans · Türkiye
1065
-15
Wospenzukh
12:31 Feudal Age
10:47 Loom
11:51 Loom
12:43 Man-at-Arms
13:40 Arson
14:57 Long Swordsman
16:06 Forging
22:15 Castle Age
22:18 Double-Bit Axe
22:24 Stone Mining
22:24 Gold Mining
23:07 Two-Handed Swordsman
24:20 Bow Saw
28:11 Wheelbarrow
32:36 Fletching
32:47 Padded Archer Armor
32:43 Town Watch
37:09 Imperial Age
35:06 Horse Collar
36:48 Heavy Plow
38:23 Conscription
37:39 Elite Composite Bowman
41:39 Bodkin Arrow
41:59 Leather Archer Armor
43:15 Murder Holes
43:40 Ballistics
49:28 Bracer
50:05 Ring Archer Armor
50:57 Gambesons
51:12 Squires
52:21 Chemistry
52:07 Hand Cart
53:18 Fereters
57:36 Scale Mail Armor
58:11 Iron Casting
57:28 Champion
59:55 Chain Mail Armor
60:41 Blast Furnace
83:08 Pikeman
Donald Trump
3:50 Loom
15:06 Feudal Age
18:27 Forging
18:23 Scale Barding Armor
21:56 Castle Age
20:46 Horse Collar
25:42 Scale Barding Armor
26:41 Bloodlines
35:12 Double-Bit Axe
40:08 Chain Barding Armor
41:42 Forging
42:28 Bow Saw
42:20 Heavy Plow
44:09 Iron Casting
45:52 Wheelbarrow
45:12 Elite Skirmisher
47:02 Fletching
51:56 Imperial Age
52:21 Cavalier
58:36 Gold Mining
61:38 Marauders
62:13 Stone Mining
62:46 Elite Tarkan
68:16 Plate Barding Armor
68:42 Blast Furnace
69:54 Paladin
70:35 Husbandry
70:38 Pikeman
72:04 Bodkin Arrow
71:45 Halberdier
73:39 Caravan
74:50 Bracer
serqu
5:02 Loom
14:47 Feudal Age
19:26 Double-Bit Axe
24:08 Castle Age
47:55 Elite Skirmisher
50:18 Fletching
52:21 Thumb Ring
53:28 Bodkin Arrow
56:54 Crossbowman
65:40 Padded Archer Armor
73:04 Imperial Age
72:20 Ballistics
75:54 Imperial Age
76:22 Leather Archer Armor
77:39 Wheelbarrow
79:30 Chemistry
80:39 Scale Barding Armor
81:29 Hand Cart
81:49 Bloodlines
81:03 Light Cavalry
83:46 Gold Mining
83:48 Stone Mining
84:40 Hussar
Wandraak
13:35 Feudal Age
14:01 Double-Bit Axe
13:56 Horse Collar
19:07 Castle Age
17:05 Loom
20:39 Wheelbarrow
20:33 Bow Saw
20:26 Heavy Plow
21:52 Squires
23:52 Arson
27:42 Hand Cart
27:59 Scale Mail Armor
28:14 Forging
33:48 Imperial Age
32:12 Elite Skirmisher
32:47 Fletching
32:57 Padded Archer Armor
33:13 Chain Mail Armor
33:33 Iron Casting
33:37 Town Watch
34:22 Bodkin Arrow
34:43 Leather Archer Armor
34:59 Stone Mining
34:59 Gold Mining
35:32 Bracer
35:57 Town Patrol
36:40 Ring Archer Armor
36:26 Chain Mail Armor
37:10 Ballistics
38:19 Chemistry
39:11 Husbandry
39:21 Bloodlines
38:36 Cranequins
40:30 Two-Man Saw
40:15 Crop Rotation
39:57 Gothikon
40:56 Elite Varangian Guard
41:22 Gambesons
43:43 Iron Casting
45:04 Plate Mail Armor
45:42 Blast Furnace
45:41 Conscription
47:09 Pikeman
49:47 Halberdier
50:56 Heavy Mounted Crossbowman
52:14 Masonry
51:59 Murder Holes
55:01 Light Cavalry
56:08 Scale Barding Armor
55:56 Elite Jarl
58:49 Chain Barding Armor
60:16 Guilds
60:51 Hussar
68:43 Capped Ram
69:41 Onager
73:14 Siege Ram
Justaerin
3:20 Loom
3:24 Loom
15:03 Feudal Age
15:30 Arson
15:05 Man-at-Arms
16:57 Scale Mail Armor
23:06 Double-Bit Axe
28:05 Castle Age
26:26 Horse Collar
26:59 Forging
26:45 Gold Mining
26:46 Stone Mining
28:14 Wheelbarrow
27:32 Fletching
29:08 Gambesons
29:24 Squires
29:42 Chain Mail Armor
31:08 Iron Casting
33:43 Bow Saw
41:01 Hand Cart
44:17 Imperial Age
44:09 Heavy Plow
44:27 Shield Wall
45:30 Conscription
45:42 Plate Mail Armor
44:35 Elite Varangian Guard
44:38 Pikeman
46:27 Gold Shaft Mining
45:34 Halberdier
45:53 Elite Hearth Troop
49:57 Hoardings
50:46 Two-Man Saw
50:26 Bodkin Arrow
51:41 Bracer
51:54 Masonry
51:49 Siege Engineers
56:53 Crop Rotation
62:22 Long Swordsman
63:22 Capped Ram
64:40 Architecture
64:31 Ballistics
65:11 Chemistry
64:15 Siege Ram
66:14 Caravan
66:18 Padded Archer Armor
65:45 Two-Handed Swordsman
70:16 Champion
80:01 Arrowslits
82:21 Thumb Ring
81:39 Elite Skirmisher
83:37 Padded Archer Armor
85:19 Leather Archer Armor
Creedling
19:11 Feudal Age
37:13 Double-Bit Axe
38:12 Wheelbarrow
41:08 Horse Collar
44:51 Castle Age
45:54 Forging
48:14 Arson
48:30 Squires
50:08 Scale Mail Armor
51:19 Iron Casting
52:16 Chain Mail Armor
53:27 Hand Cart
55:21 Gold Mining
55:22 Stone Mining
56:10 Bow Saw
58:35 Fletching
58:46 Padded Archer Armor
62:23 Imperial Age
59:29 Hamask
62:20 Heavy Plow
62:58 Bodkin Arrow
63:18 Leather Archer Armor
66:29 Elite Jomsviking
68:47 Plate Mail Armor
70:21 Elite Varangian Guard
72:52 Elite Skirmisher
78:49 Blast Furnace
77:55 Scale Barding Armor
83:59 Bracer
84:54 Ring Archer Armor
#Tsch
9:34 Loom
13:16 Feudal Age
14:29 Double-Bit Axe
17:23 Castle Age
16:33 Stone Mining
18:28 Bow Saw
25:00 Fletching
26:37 Bodkin Arrow
30:54 Wheelbarrow
30:06 Town Watch
31:57 Ballistics
33:20 Hand Cart
36:00 Imperial Age
35:06 Hand Cart
36:21 Padded Archer Armor
37:22 Conscription
39:18 Hoardings
38:46 Horse Collar
39:55 Leather Archer Armor
41:01 Chemistry
40:59 Gold Mining
41:39 Masonry
42:35 Siege Engineers
42:32 Bracer
43:16 Elite Mangudai
44:34 Scale Mail Armor
44:44 Forging
44:42 Scale Barding Armor
46:08 Drill
47:15 Fortified Wall
46:56 Guard Tower
47:47 Chain Barding Armor
47:42 Bloodlines
47:32 Husbandry
47:45 Husbandry
48:23 Iron Casting
48:22 Nomads
50:08 Town Patrol
53:00 Blast Furnace
53:52 Murder Holes
55:16 Caravan
65:11 Thumb Ring
65:31 Parthian Tactics
64:27 Elite Skirmisher
65:07 Heavy Camel Rider
66:51 Parthian Tactics
67:22 Thumb Ring
67:34 Elite Skirmisher
68:47 Pikeman
69:27 Squires
71:43 Capped Ram
72:35 Siege Ram
Trickle
7:25 Loom
12:12 Feudal Age
12:45 Double-Bit Axe
14:42 Wheelbarrow
14:29 Horse Collar
22:04 Castle Age
20:04 Horse Collar
20:55 Gold Mining
23:31 Bow Saw
24:17 Fletching
27:17 Bodkin Arrow
28:49 Padded Archer Armor
29:45 Husbandry
31:23 Ballistics
32:34 Leather Archer Armor
35:29 Stone Mining
39:03 Imperial Age
37:42 Medical Corps
38:04 Masonry
38:08 Heavy Plow
39:48 Bracer
39:25 Elite Skirmisher
41:25 Chemistry
42:11 Ring Archer Armor
44:27 Elite Elephant Archer
45:18 Thumb Ring
49:20 Two-Man Saw
48:41 Hand Cart
48:11 Town Watch
51:58 Scale Mail Armor
52:08 Forging
55:48 Gambesons
56:03 Squires
60:46 Chain Mail Armor
61:06 Iron Casting
59:53 Man-at-Arms
60:56 Conscription
60:56 Wootz Steel
61:03 Long Swordsman
62:14 Plate Mail Armor
61:37 Two-Handed Swordsman
62:19 Champion
64:09 Blast Furnace
64:15 Careening
68:40 Caravan
70:11 Hoardings
71:47 Arson
Connection lost

Rejoining the realm…

Still unreachable

The connection could not be restored.

Session expired

The server has moved on; the page needs a fresh start.